General information
- name: BNet
- type: Ladder team game (AT/RT)
- host: Battle.net
- saver: bliNn
map: Monsoon
- players: 6
- length: 53:02
- speed: Fast
- version: 1.21 W3XP
- replay type:

» download(422 KB)
Players
team 1 (winner)
bliNn (
yellow | 88 APM | 4674 actions | 53:02)
9 Blademaster
3 Wind Walk
3 Critical Strike
1 Bladestorm
2 Mirror Image
» actions
| Assign group hotkey | 155 | |
| Basic commands | 5 | |
| Build / train | 126 | |
| ESC pressed | 5 | |
| Enter build submenu | 101 | |
| Enter hero's abilities submenu | 9 | |
| Give item / drop item | 30 | |
| Remove unit from queue | 6 | |
| Right click | 2332 | |
| Select / deselect | 477 | |
| Select group hotkey | 1074 | |
| Use ability | 353 | |
4674 total
» units
| Peon | 25 | |
| Wind Rider | 8 | |
| Troll Batrider | 22 | |
55 total
» upgrades
| Spiked Barricades | 3 | |
| Ranged Weapons | 3 | |
| Armor | 4 | |
| Envenomed Spears | 1 | |
| Reinforced Defenses | 1 | |
| Liquid Fire | 1 | |
13 total
» buildings
| Orc Burrow | 6 | |
| Altar of Storms | 1 | |
| War Mill | 1 | |
| Watch Tower | 69 | |
| Voodoo Lounge | 2 | |
| Stronghold | 2 | |
| Great Hall | 9 | |
| Beastiary | 2 | |
| Fortress | 3 | |
95 total
» build order
00:01 Orc Burrow
00:19 Altar of Storms
00:40 War Mill
01:46 Orc Burrow
01:58 Watch Tower
02:31 Watch Tower
03:09 Watch Tower
03:10 Watch Tower
03:48 Voodoo Lounge
04:07 Stronghold
04:07 Stronghold
04:17 Watch Tower
04:23 Watch Tower
04:30 Voodoo Lounge
04:57 Orc Burrow
05:54 Watch Tower
05:55 Watch Tower
05:58 Watch Tower
06:38 Great Hall
06:43 Great Hall
06:52 Beastiary
06:55 Watch Tower
07:03 Watch Tower
07:05 Watch Tower
07:06 Watch Tower
07:07 Watch Tower
07:16 Watch Tower
07:43 Beastiary
07:47 Orc Burrow
08:24 Watch Tower
08:58 Fortress
08:58 Fortress
08:59 Fortress
09:31 Watch Tower
10:40 Watch Tower
10:41 Watch Tower
15:42 Great Hall
15:43 Watch Tower
15:43 Watch Tower
15:55 Watch Tower
15:56 Watch Tower
16:58 Watch Tower
17:00 Watch Tower
17:04 Watch Tower
17:06 Watch Tower
17:07 Watch Tower
19:00 Watch Tower
19:01 Watch Tower
19:05 Watch Tower
19:06 Watch Tower
19:07 Watch Tower
20:13 Watch Tower
20:13 Watch Tower
20:42 Watch Tower
20:43 Watch Tower
20:44 Watch Tower
21:46 Watch Tower
21:47 Watch Tower
22:55 Watch Tower
23:06 Watch Tower
23:07 Watch Tower
23:09 Watch Tower
24:18 Watch Tower
24:19 Watch Tower
26:03 Watch Tower
26:05 Watch Tower
26:06 Watch Tower
26:07 Watch Tower
26:08 Watch Tower
26:12 Great Hall
26:14 Watch Tower
26:16 Watch Tower
26:17 Watch Tower
27:26 Watch Tower
27:27 Watch Tower
27:37 Orc Burrow
27:38 Orc Burrow
28:36 Watch Tower
28:36 Watch Tower
28:37 Watch Tower
37:31 Great Hall
44:48 Watch Tower
44:49 Watch Tower
44:51 Watch Tower
44:54 Great Hall
44:55 Watch Tower
45:00 Great Hall
45:01 Watch Tower
45:18 Great Hall
45:22 Watch Tower
45:40 Great Hall
45:42 Watch Tower
45:43 Watch Tower
45:44 Watch Tower
45:45 Watch Tower
» items
| Staff of Teleportation | 1 | |
| Boots of Speed | 1 | |
| Healing Salve | 7 | |
| Lesser Clarity Potion | 8 | |
| Orb of Lightning | 1 | |
| Potion of Mana | 3 | |
| Potion of Healing | 3 | |
| Scroll of Town Portal | 6 | |
30 total
dirtmcwordUP (
green | 69 APM | 3669 actions | 53:01)
7 Warden
3 Shadow Strike
3 Blink
1 Spirit of Vengeance
» actions
| Assign group hotkey | 11 | |
| Basic commands | 59 | |
| Build / train | 91 | |
| ESC pressed | 12 | |
| Enter build submenu | 31 | |
| Enter hero's abilities submenu | 7 | |
| Give item / drop item | 6 | |
| Right click | 1871 | |
| Select / deselect | 306 | |
| Select group hotkey | 1070 | |
| Use ability | 204 | |
3669 total
» units
» upgrades
| Nature's Blessing | 1 | |
| Well Spring | 2 | |
| Corrosive Breath | 1 | |
| Ultravision | 1 | |
| Strength of the Wild | 3 | |
| Reinforced Hides | 2 | |
10 total
» buildings
| Altar of Elders | 2 | |
| Moon Well | 13 | |
| Ancient of Wonders | 1 | |
| Hunter's Hall | 3 | |
| Tree of Ages | 1 | |
| Tree of Life | 5 | |
| Tree of Eternity | 1 | |
| Ancient of Wind | 2 | |
| Chimaera Roost | 4 | |
32 total
» build order
00:21 Altar of Elders
00:23 Moon Well
01:31 Moon Well
04:39 Moon Well
05:00 Ancient of Wonders
05:07 Hunter's Hall
05:43 Tree of Ages
06:32 Tree of Life
06:50 Hunter's Hall
08:11 Tree of Eternity
09:45 Ancient of Wind
11:11 Moon Well
11:14 Moon Well
11:23 Chimaera Roost
11:30 Chimaera Roost
12:43 Ancient of Wind
13:51 Chimaera Roost
13:52 Chimaera Roost
15:00 Moon Well
15:01 Moon Well
15:06 Hunter's Hall
15:09 Moon Well
19:36 Moon Well
20:51 Tree of Life
27:57 Moon Well
30:54 Tree of Life
32:33 Tree of Life
34:09 Altar of Elders
38:03 Moon Well
38:38 Moon Well
41:41 Tree of Life
41:55 Moon Well
» items
| Staff of Teleportation | 2 | |
| Boots of Speed | 1 | |
| Orb of Venom | 1 | |
| Potion of Healing | 1 | |
| Scroll of Town Portal | 11 | |
| Lesser Clarity Potion | 1 | |
| Healing Salve | 1 | |
| Mechanical Critter | 2 | |
| Staff of Sanctuary | 1 | |
21 total
Mata. (
orange | 123 APM | 6498 actions | 53:01)
5 Archmage
3 Blizzard
2 Brilliance Aura
2 Mountain King
1 Storm Bolt
1 Bash
1 Paladin
1 Holy Light
» actions
| Assign group hotkey | 630 | |
| Basic commands | 15 | |
| Build / train | 311 | |
| Enter build submenu | 118 | |
| Enter hero's abilities submenu | 8 | |
| Give item / drop item | 1 | |
| Remove unit from queue | 2 | |
| Right click | 2401 | |
| Select / deselect | 1406 | |
| Select group hotkey | 1044 | |
| Use ability | 558 | |
6498 total
» units
| Peasant | 31 | |
| Dragonhawk Rider | 7 | |
| Mortar Team | 10 | |
| Spell Breaker | 9 | |
| Priest | 2 | |
| Sorceress | 3 | |
62 total
» upgrades
| Masonry | 3 | |
| Lumber Harvesting | 2 | |
| Animal War Training | 1 | |
| Armor | 3 | |
| Cloud | 1 | |
| Fragmentation Shards | 1 | |
| Flare | 1 | |
| Gunpowder | 1 | |
| Magic Sentry | 1 | |
14 total
» buildings
| Altar of Kings | 2 | |
| Farm | 14 | |
| Lumber Mill | 1 | |
| Scout Tower | 123 | |
| Guard Tower | 190 | |
| Town Hall | 1 | |
| Keep | 2 | |
| Castle | 2 | |
| Gryphon Aviary | 2 | |
| Arcane Vault | 1 | |
| Barracks | 1 | |
| Blacksmith | 1 | |
| Workshop | 1 | |
| Arcane Sanctum | 1 | |
342 total
» build order
00:04 Altar of Kings
00:05 Altar of Kings
00:18 Farm
00:23 Lumber Mill
01:13 Scout Tower
01:22 Scout Tower
01:31 Scout Tower
01:41 Guard Tower
01:54 Scout Tower
01:57 Guard Tower
01:57 Guard Tower
02:10 Scout Tower
02:23 Guard Tower
02:23 Guard Tower
02:24 Scout Tower
02:28 Farm
02:30 Guard Tower
02:30 Guard Tower
02:42 Scout Tower
02:43 Guard Tower
02:43 Guard Tower
02:45 Scout Tower
02:54 Guard Tower
02:55 Scout Tower
03:10 Guard Tower
03:12 Scout Tower
03:23 Guard Tower
03:25 Scout Tower
03:35 Guard Tower
03:35 Guard Tower
03:49 Scout Tower
03:50 Scout Tower
04:10 Guard Tower
04:11 Scout Tower
04:12 Scout Tower
04:39 Guard Tower
04:50 Guard Tower
04:51 Scout Tower
04:51 Scout Tower
05:29 Guard Tower
05:29 Guard Tower
05:29 Guard Tower
05:31 Scout Tower
05:32 Scout Tower
05:35 Guard Tower
05:35 Guard Tower
05:39 Town Hall
06:06 Guard Tower
06:06 Guard Tower
06:07 Guard Tower
06:19 Guard Tower
06:19 Guard Tower
06:23 Scout Tower
06:28 Guard Tower
06:28 Guard Tower
06:30 Scout Tower
06:31 Scout Tower
06:45 Keep
06:46 Keep
06:58 Guard Tower
06:58 Guard Tower
07:06 Scout Tower
07:09 Scout Tower
07:10 Scout Tower
07:12 Scout Tower
07:15 Scout Tower
07:17 Scout Tower
07:43 Guard Tower
07:45 Scout Tower
07:47 Scout Tower
07:53 Guard Tower
07:53 Guard Tower
07:53 Guard Tower
08:14 Guard Tower
08:15 Guard Tower
08:15 Guard Tower
08:21 Guard Tower
08:21 Guard Tower
08:21 Guard Tower
08:28 Scout Tower
08:29 Scout Tower
08:30 Scout Tower
08:31 Scout Tower
08:31 Scout Tower
08:34 Scout Tower
09:02 Guard Tower
09:03 Guard Tower
09:03 Scout Tower
09:29 Guard Tower
09:30 Guard Tower
09:34 Castle
09:39 Guard Tower
09:40 Guard Tower
09:41 Guard Tower
09:41 Guard Tower
09:41 Guard Tower
09:42 Guard Tower
09:43 Guard Tower
10:21 Guard Tower
10:21 Guard Tower
10:21 Guard Tower
10:35 Guard Tower
10:36 Guard Tower
10:45 Scout Tower
10:46 Scout Tower
10:59 Guard Tower
11:00 Guard Tower
11:00 Guard Tower
11:03 Scout Tower
11:04 Scout Tower
11:14 Guard Tower
11:15 Scout Tower
11:15 Scout Tower
11:16 Scout Tower
11:17 Scout Tower
11:18 Scout Tower
11:28 Scout Tower
11:29 Scout Tower
11:30 Scout Tower
11:35 Guard Tower
11:36 Scout Tower
11:38 Scout Tower
11:46 Guard Tower
11:46 Guard Tower
12:01 Guard Tower
12:01 Guard Tower
12:02 Guard Tower
12:05 Scout Tower
12:05 Scout Tower
12:06 Scout Tower
12:15 Guard Tower
12:33 Guard Tower
12:33 Guard Tower
12:34 Guard Tower
13:11 Guard Tower
13:11 Guard Tower
13:12 Guard Tower
13:12 Guard Tower
13:29 Scout Tower
13:31 Scout Tower
13:31 Scout Tower
13:32 Scout Tower
13:32 Scout Tower
13:33 Scout Tower
13:59 Guard Tower
13:59 Guard Tower
13:59 Guard Tower
14:15 Gryphon Aviary
14:15 Gryphon Aviary
14:57 Guard Tower
14:57 Guard Tower
15:42 Guard Tower
15:42 Guard Tower
17:45 Guard Tower
17:48 Arcane Vault
18:40 Barracks
20:06 Blacksmith
20:09 Scout Tower
20:10 Scout Tower
20:10 Scout Tower
20:11 Scout Tower
20:11 Scout Tower
20:34 Scout Tower
20:35 Scout Tower
20:35 Scout Tower
20:36 Scout Tower
20:37 Scout Tower
20:38 Scout Tower
20:40 Guard Tower
20:40 Guard Tower
20:40 Guard Tower
20:41 Guard Tower
20:56 Farm
20:57 Farm
20:58 Farm
21:00 Farm
21:11 Guard Tower
21:11 Guard Tower
22:35 Workshop
22:50 Scout Tower
22:51 Scout Tower
22:51 Scout Tower
22:52 Scout Tower
23:30 Guard Tower
23:51 Guard Tower
23:51 Guard Tower
24:33 Guard Tower
24:39 Scout Tower
24:40 Scout Tower
24:42 Scout Tower
24:43 Scout Tower
24:44 Scout Tower
25:28 Guard Tower
27:23 Scout Tower
27:24 Scout Tower
27:24 Scout Tower
27:25 Scout Tower
27:26 Scout Tower
27:27 Scout Tower
27:28 Scout Tower
27:28 Scout Tower
27:42 Scout Tower
27:43 Scout Tower
27:44 Scout Tower
27:45 Scout Tower
28:10 Guard Tower
28:23 Scout Tower
28:24 Scout Tower
28:25 Scout Tower
28:25 Scout Tower
28:31 Scout Tower
28:31 Scout Tower
28:32 Scout Tower
28:36 Scout Tower
28:42 Scout Tower
28:42 Scout Tower
28:43 Scout Tower
28:44 Scout Tower
28:56 Guard Tower
28:56 Guard Tower
28:57 Guard Tower
28:57 Guard Tower
29:03 Guard Tower
29:05 Scout Tower
29:07 Scout Tower
29:07 Scout Tower
29:10 Guard Tower
29:10 Guard Tower
29:11 Guard Tower
29:16 Scout Tower
29:17 Scout Tower
29:18 Scout Tower
29:24 Guard Tower
29:24 Guard Tower
29:25 Guard Tower
29:36 Guard Tower
29:36 Guard Tower
29:36 Guard Tower
29:37 Guard Tower
29:38 Guard Tower
29:39 Guard Tower
29:39 Guard Tower
29:39 Guard Tower
30:02 Guard Tower
30:05 Guard Tower
30:06 Guard Tower
30:42 Scout Tower
30:43 Scout Tower
30:44 Scout Tower
30:48 Scout Tower
30:49 Scout Tower
31:16 Guard Tower
31:16 Guard Tower
31:47 Scout Tower
31:48 Scout Tower
31:49 Scout Tower
31:49 Scout Tower
33:15 Guard Tower
33:15 Guard Tower
33:15 Guard Tower
34:36 Guard Tower
36:14 Scout Tower
36:15 Scout Tower
36:16 Scout Tower
36:17 Scout Tower
37:22 Guard Tower
37:22 Guard Tower
37:58 Arcane Sanctum
41:58 Farm
41:59 Farm
42:00 Farm
42:01 Farm
42:02 Farm
42:03 Farm
42:03 Farm
44:52 Farm
» items
| Potion of Invisibility | 4 | |
| Scroll of Town Portal | 3 | |
| Staff of Sanctuary | 1 | |
8 total
team 2 (loser)

»
Fidji (
pink | 54 APM | 2867 actions | 53:00)
4 Far Seer
2 Feral Spirit
2 Chain Lighting
4 Shadow Hunter
2 Hex
2 Serpent Ward
» actions
| Assign group hotkey | 40 | |
| Basic commands | 122 | |
| Build / train | 88 | |
| Enter build submenu | 44 | |
| Enter hero's abilities submenu | 10 | |
| Remove unit from queue | 12 | |
| Right click | 1115 | |
| Select / deselect | 670 | |
| Select group hotkey | 601 | |
| Use ability | 165 | |
2867 total
» units
| Peon | 19 | |
| Grunt | 9 | |
| Raider | 3 | |
| Troll Batrider | 6 | |
| Shaman | 2 | |
| Troll Headhunter/Berserker | 2 | |
| Troll Witch Doctor | 7 | |
48 total
» upgrades
| Berserker Strength | 1 | |
| Ensnare | 1 | |
| Armor | 2 | |
| Melee Weapons | 1 | |
| Shaman Training | 2 | |
| Berserker Upgrade | 1 | |
| Troll Regeneration | 1 | |
| Ranged Weapons | 1 | |
| Witch Doctor Training | 2 | |
12 total
» buildings
| Altar of Storms | 2 | |
| Orc Burrow | 19 | |
| Barracks | 2 | |
| Stronghold | 2 | |
| Beastiary | 1 | |
| Voodoo Lounge | 2 | |
| War Mill | 2 | |
| Fortress | 2 | |
| Spirit Lodge | 3 | |
| Great Hall | 1 | |
| Watch Tower | 30 | |
66 total
» build order
00:08 Altar of Storms
00:19 Orc Burrow
00:34 Barracks
01:34 Orc Burrow
02:29 Stronghold
05:09 Orc Burrow
05:31 Beastiary
05:38 Voodoo Lounge
06:32 War Mill
06:56 Orc Burrow
10:34 Orc Burrow
14:03 Orc Burrow
14:04 Orc Burrow
14:46 Fortress
16:19 Spirit Lodge
17:54 Spirit Lodge
19:40 Orc Burrow
19:41 Orc Burrow
19:41 Orc Burrow
19:42 Orc Burrow
21:10 Barracks
22:29 Orc Burrow
22:30 Orc Burrow
25:36 Orc Burrow
25:37 Orc Burrow
27:38 Great Hall
33:14 Altar of Storms
34:24 Watch Tower
34:25 Watch Tower
34:26 Watch Tower
34:28 Watch Tower
34:37 Watch Tower
34:57 Orc Burrow
35:29 Watch Tower
35:29 Watch Tower
36:25 Watch Tower
36:26 Watch Tower
36:29 Watch Tower
36:33 Watch Tower
36:35 Watch Tower
36:36 Watch Tower
36:57 Voodoo Lounge
37:42 War Mill
38:26 Orc Burrow
39:21 Watch Tower
39:22 Watch Tower
39:23 Watch Tower
39:27 Watch Tower
39:42 Watch Tower
39:44 Watch Tower
39:45 Watch Tower
39:46 Watch Tower
39:47 Watch Tower
39:48 Watch Tower
41:21 Watch Tower
41:22 Watch Tower
41:23 Watch Tower
41:25 Watch Tower
41:26 Watch Tower
42:14 Watch Tower
42:49 Stronghold
42:56 Orc Burrow
43:56 Watch Tower
45:27 Spirit Lodge
50:40 Fortress
51:58 Orc Burrow
» items
| Lesser Clarity Potion | 1 | |
| Scroll of Speed | 2 | |
| Healing Salve | 1 | |
4 total

»
nig.hoe (
purple | 98 APM | 5151 actions | 52:29)
9 Tauren Chieftain
3 War Stomp
3 Endurance Aura
2 Reincarnation
1 Shockwave
» actions
| Assign group hotkey | 84 | |
| Basic commands | 10 | |
| Build / train | 96 | |
| Enter build submenu | 49 | |
| Enter hero's abilities submenu | 10 | |
| Remove unit from queue | 3 | |
| Right click | 2113 | |
| Select / deselect | 700 | |
| Select group hotkey | 1937 | |
| Use ability | 149 | |
5151 total
» units
| Peon | 15 | |
| Troll Headhunter/Berserker | 25 | |
| Demolisher | 5 | |
| Troll Batrider | 12 | |
57 total
» upgrades
| Ranged Weapons | 2 | |
| Burning Oil | 1 | |
| Troll Regeneration | 1 | |
| Berserker Upgrade | 1 | |
| Armor | 2 | |
7 total
» buildings
| Barracks | 3 | |
| Orc Burrow | 6 | |
| War Mill | 1 | |
| Altar of Storms | 1 | |
| Stronghold | 2 | |
| Voodoo Lounge | 1 | |
| Great Hall | 3 | |
| Fortress | 1 | |
| Watch Tower | 26 | |
| Beastiary | 1 | |
45 total
» build order
00:12 Barracks
00:21 Orc Burrow
00:39 War Mill
01:19 Altar of Storms
01:48 Orc Burrow
02:32 Barracks
04:58 Orc Burrow
05:37 Stronghold
05:39 Orc Burrow
06:07 Voodoo Lounge
07:01 Great Hall
09:29 Orc Burrow
10:33 Fortress
21:24 Orc Burrow
25:08 Watch Tower
25:10 Watch Tower
25:12 Watch Tower
25:13 Watch Tower
25:13 Watch Tower
25:13 Watch Tower
25:14 Watch Tower
25:37 Watch Tower
25:38 Watch Tower
27:43 Great Hall
30:04 Watch Tower
30:05 Watch Tower
30:06 Watch Tower
30:10 Watch Tower
31:20 Watch Tower
33:30 Great Hall
34:04 Watch Tower
34:05 Watch Tower
34:37 Watch Tower
35:16 Watch Tower
36:48 Watch Tower
37:04 Watch Tower
40:20 Barracks
41:30 Stronghold
42:49 Watch Tower
42:50 Watch Tower
42:51 Watch Tower
42:53 Watch Tower
42:55 Watch Tower
42:57 Watch Tower
45:17 Beastiary
» items
| Dust of Appearance | 1 | |
| Tome of Retraining | 1 | |
| Scroll of Town Portal | 2 | |
| Potion of Lesser Invulnerability | 2 | |
| Scroll of Healing | 3 | |
| Healing Salve | 1 | |
| Lesser Clarity Potion | 1 | |
11 total
pAtouLe (
blue | 131 APM | 6912 actions | 52:56)
7 Death Knight
3 Death Coil
3 Unholy Aura
1 Animate Dead
6 Lich
3 Frost Nova
2 Dark Ritual
1 Death and Decay
» actions
| Assign group hotkey | 106 | |
| Basic commands | 10 | |
| Build / train | 115 | |
| Enter build submenu | 27 | |
| Enter hero's abilities submenu | 13 | |
| Give item / drop item | 3 | |
| Remove unit from queue | 1 | |
| Right click | 2840 | |
| Select / deselect | 616 | |
| Select group hotkey | 2911 | |
| Use ability | 270 | |
6912 total
» units
| Acolyte | 20 | |
| Ghoul | 2 | |
| Crypt Fiend | 14 | |
| Gargoyle | 13 | |
| Obsidian Statue | 6 | |
| Frost Wyrm | 17 | |
72 total
» upgrades
| Burrow | 1 | |
| Creature Carapace | 3 | |
| Web | 1 | |
| Stone Form | 1 | |
| Creature Attack | 1 | |
| Freezing Breath | 1 | |
8 total
» buildings
| Graveyard | 1 | |
| Crypt | 3 | |
| Altar of Darkness | 1 | |
| Ziggurat | 13 | |
| Tomb of Relics | 1 | |
| Nerubian Tower | 2 | |
| Halls of the Dead | 1 | |
| Slaughterhouse | 1 | |
| Black Citadel | 1 | |
| Sacrificial Pit | 1 | |
| Boneyard | 1 | |
| Spirit Tower | 3 | |
| Necropolis | 1 | |
30 total
» build order
00:06 Graveyard
00:10 Crypt
00:13 Crypt
00:41 Altar of Darkness
01:01 Ziggurat
01:23 Tomb of Relics
01:42 Ziggurat
02:09 Nerubian Tower
04:02 Halls of the Dead
04:50 Ziggurat
04:52 Ziggurat
06:59 Crypt
07:53 Ziggurat
09:03 Slaughterhouse
10:37 Ziggurat
14:31 Black Citadel
14:58 Sacrificial Pit
15:39 Ziggurat
17:25 Boneyard
39:38 Ziggurat
39:39 Ziggurat
39:39 Ziggurat
39:40 Ziggurat
40:56 Spirit Tower
40:59 Nerubian Tower
43:02 Ziggurat
43:04 Ziggurat
43:06 Necropolis
44:55 Spirit Tower
44:56 Spirit Tower
» items
| Rod of Necromancy | 1 | |
| Dust of Appearance | 3 | |
| Scroll of Town Portal | 4 | |
| Potion of Lesser Invulnerability | 1 | |
| Potion of Healing | 1 | |
| Staff of Teleportation | 1 | |
11 total
Chat log
(00:06 / Allies) Mata.: yeah
(00:14 / Allies) dirtmcwordUP: magta please
(00:14 / Allies) Mata.: converting dec to bin harder though
(00:40 / Allies) dirtmcwordUP: i dont remember how to convert between hex and binary and w./e
(00:45 / Allies) Mata.: isn't it like
(00:48 / Allies) bliNn: more like i hex ur grunt
(00:55 / Allies) dirtmcwordUP: hexadecimal u clown
(01:03 / Allies) Mata.: no i forget too
(01:11 / Allies) dirtmcwordUP: there was some easy way or somehting
(01:14 / Allies) Mata.: yeah
(01:19 / Allies) Mata.: lucker
(01:22 / Allies) dirtmcwordUP: but if i ever have to do it im just thik it out
(01:27 / Allies) Mata.: i think it's position * base
(01:46 / All) dirtmcwordUP: welcome 2 my homopy.
(01:49 / All) dirtmcwordUP: hompy**
(01:52 / Allies) Mata.: haha.
(01:53 / All) dirtmcwordUP: gl hf
(02:02 / Allies) dirtmcwordUP: can we do that instead of welcome to highperch
(02:04 / Allies) bliNn: once tyler gets that fixed up it's gonna be owning
(02:10 / Allies) dirtmcwordUP: like
(02:15 / Allies) dirtmcwordUP: welcome to my hompy.....fat noobie bitch
(02:19 / Allies) bliNn: bach would be proud
(02:33 / Allies) Mata.: wilkommen
(02:36 / Allies) Mata.: am mein hompie
(02:37 / Allies) dirtmcwordUP: weeeeEEEEEEeee---eeeellllllllllllciome. to my hoooooompy
(02:46 / Allies) bliNn: ich haber gezad wilkommen am mein hompie
(02:57 / Allies) bliNn: don't know if that's real german
(03:00 / Allies) Mata.: gesacht?
(03:02 / Allies) bliNn: yeah
(03:03 / Allies) dirtmcwordUP: aw gtfo
(03:05 / Allies) Mata.: i dont think i was right
(03:07 / Allies) Mata.: in first place
(04:05 / All) dirtmcwordUP: lmfao! this aint dota.
(04:21 / Allies) dirtmcwordUP: kill me
(04:22 / Allies) dirtmcwordUP: please
(04:26 / Allies) Mata.: na thx :D
(04:30 / Allies) Mata.: too late anyway
(04:37 / Allies) Mata.: you made guy buy dust at least
(05:33 / Allies) bliNn: need gold will give lum tia
(06:12 / Allies) bliNn: how perfect is dis
(06:16 / Allies) bliNn: already almost dead when i arrive
(06:38 / Allies) Mata.: they seen towers
(06:55 / Allies) dirtmcwordUP: tower my main /expo please
(07:01 / Allies) Mata.: gold/lumber
(07:30 / Allies) bliNn: get outt dere
(07:32 / Allies) bliNn: before he stomps u
(07:32 / Allies) Mata.: scary
(07:35 / Allies) Mata.: hah
(07:40 / All) nig.hoe: hey this aint dota
(07:54 / Allies) bliNn: lol he turned it round on u
(07:59 / Allies) Mata.: "Hey this aint TD" woulda been a better 1
(08:02 / Allies) dirtmcwordUP: they might go around.
(08:09 / Allies) Mata.: do they even have siege. no.
(08:17 / Allies) dirtmcwordUP: u never know
(08:38 / Allies) dirtmcwordUP: this a sweet ass-map
(08:47 / Allies) bliNn: allegedly
(08:49 / Allies) dirtmcwordUP: blade
(08:49 / Allies) dirtmcwordUP: come
(08:50 / Allies) dirtmcwordUP: now
(08:56 / Allies) bliNn: coming
(08:58 / Allies) Mata.: they not doing it i think
(09:01 / Allies) dirtmcwordUP: they saw me
(09:51 / Allies) bliNn: comin
(10:00 / Allies) bliNn: getting wyvs to creep bot expo
(10:05 / Allies) Mata.: good on you for buying the staff
(10:10 / Allies) dirtmcwordUP: send mroe work
(10:13 / Allies) dirtmcwordUP: if poss
(10:49 / Allies) Mata.: great
(10:51 / Allies) Mata.: give me staff
(10:51 / Allies) bliNn: comin
(11:01 / Allies) bliNn: i'm almost t3
(11:10 / Allies) Mata.: lotta gargles
(11:53 / Allies) Mata.: time to repair yep
(12:06 / Allies) bliNn: gonna go hit pink i guess
(12:09 / Allies) bliNn: try force a tp
(12:29 / Allies) Mata.: hurry blazes up
(12:45 / Allies) bliNn: killing burroze
(12:57 / Allies) bliNn: haha no web
(13:00 / Allies) bliNn: oh shit
(13:10 / Allies) dirtmcwordUP: no bats ty
(13:46 / Allies) Mata.: mak chimbo bimbos
(14:12 / Allies) bliNn: lemme creep bot and flashtower
(15:23 / Allies) Mata.: get ogre lord
(15:23 / Allies) Mata.: maybe a mask of death?
(15:34 / Allies) Mata.: dont take tome yet
(15:36 / Allies) Mata.: creep otehr camp first
(15:46 / Allies) bliNn: it's hiding anyway
(16:01 / Allies) dirtmcwordUP: go i tnak
(16:15 / Allies) bliNn: i kinda wanted
(16:16 / Allies) bliNn: 5
(16:17 / Allies) Mata.: creep something else real quick alone blinn
(16:21 / Allies) Mata.: and timg fuck off him
(16:26 / Allies) dirtmcwordUP: fuck U
(16:42 / Allies) bliNn: going mid
(16:43 / Allies) dirtmcwordUP: this is gone
(16:46 / Allies) dirtmcwordUP: 10 towers nice.
(16:46 / Allies) Mata.: get forty ups
(16:49 / Allies) bliNn: lum
(17:01 / Allies) Mata.: crank bat
(17:14 / Allies) dirtmcwordUP: get hurry
(17:27 / Allies) bliNn: stormin pink
(17:29 / Allies) bliNn: hold em off
(17:46 / Allies) dirtmcwordUP: almost L3
(17:53 / Allies) Mata.: yea shame
(18:01 / Allies) Mata.: another sweet storm courtesy of blinn
(18:15 / Allies) Mata.: lodges
(18:21 / Allies) Mata.: check out those bat btw
(18:40 / All) nig.hoe: LOL
(18:48 / Allies) dirtmcwordUP: gold
(18:56 / Allies) dirtmcwordUP: keep making tower
(19:01 / Allies) dirtmcwordUP: deep 6 that shit
(19:03 / Allies) dirtmcwordUP: forty
(19:04 / Allies) dirtmcwordUP: aw shit
(19:07 / Allies) dirtmcwordUP: gg
(19:25 / Allies) dirtmcwordUP: noob
(19:27 / Allies) Mata.: you greeded
(19:27 / All) pAtouLe: LOL
(19:31 / Allies) bliNn: one hit
(19:35 / Allies) bliNn: all i needed
(19:44 / Allies) Mata.: should i try to tp
(19:50 / Allies) dirtmcwordUP: im gonna off ud main
(19:51 / Allies) dirtmcwordUP: so yes
(19:52 / Allies) Mata.: with forty ups those defenses will last abou 2 sec
(19:56 / Allies) Mata.: tay
(19:58 / Allies) bliNn: you told me
(20:20 / Allies) Mata.: also why not work on that
(20:25 / Allies) bliNn: my attention
(20:27 / Allies) bliNn: was not focused
(20:47 / Allies) Mata.: expand
(21:30 / Allies) Mata.: 3
(21:44 / Allies) dirtmcwordUP: hitting ud again
(21:49 / Allies) Mata.: go arhead
(21:54 / Allies) dirtmcwordUP: 2 chim almost out then gone.
(21:57 / Allies) Mata.: harass that blinn
(22:13 / Allies) dirtmcwordUP: whew.
(22:44 / Allies) dirtmcwordUP: tower this.
(22:58 / Allies) bliNn: need lum
(23:00 / Allies) bliNn: if anybody has
(23:02 / Allies) Mata.: done
(23:05 / Allies) Mata.: i mean
(23:05 / Allies) Mata.: dont
(23:06 / Allies) Mata.: idle in base
(23:21 / Allies) bliNn: gonna hit pink again
(24:13 / Allies) Mata.: work it
(24:29 / Allies) dirtmcwordUP: tower down here
(24:48 / Allies) Mata.: keep some chimbo there
(24:49 / Allies) Mata.: or hit
(25:16 / Allies) Mata.: ?
(25:31 / Allies) dirtmcwordUP: any gold.
(25:38 / Allies) Mata.: wth
(25:40 / Allies) Mata.: are you even doin
(25:44 / Allies) dirtmcwordUP: pink scouted it
(25:47 / Allies) dirtmcwordUP: and undead did too
(25:48 / Allies) dirtmcwordUP: i ha dto run.
(25:51 / Allies) Mata.: like 10 min ago
(25:54 / Allies) bliNn: god i need lum
(26:16 / Allies) Mata.: timg or blinn
(26:17 / Allies) Mata.: tab in
(26:18 / Allies) Mata.: 1 of you
(26:27 / Allies) dirtmcwordUP: need bat
(26:51 / Allies) Mata.: chim where
(26:58 / Allies) Mata.: well now we lost cause they not here
(27:06 / Allies) Mata.: nm blinn tped
(27:19 / Allies) Mata.: dont forget that
(28:00 / Allies) bliNn: gonna hit pink again in as ec
(28:21 / Allies) dirtmcwordUP: gold
(29:02 / Allies) Mata.: getting some mort cause we dont really need aa i feel
(29:02 / Allies) bliNn: hmm i hope purp didn't scout bot
(29:22 / Allies) Mata.: it's hardening by the second
(29:26 / Allies) Mata.: need lum tho
(29:37 / Allies) bliNn: pink main gone
(29:39 / Allies) dirtmcwordUP: blinn
(29:45 / Allies) dirtmcwordUP: let me take you in upk
(29:51 / Allies) bliNn: what
(29:58 / Allies) dirtmcwordUP: get out of upk or let me take
(30:02 / Allies) bliNn: nah i'm out
(30:06 / Allies) dirtmcwordUP: ok
(30:16 / Allies) bliNn: needed some extra bats cos mata was crying
(30:17 / Allies) bliNn: is all
(30:27 / Allies) dirtmcwordUP: they scouted
(30:32 / Allies) Mata.: it'll live now
(30:36 / Allies) Mata.: plenty of towers
(30:40 / Allies) bliNn: gonna go harass top
(31:22 / Allies) dirtmcwordUP: hitting a base
(31:32 / Allies) bliNn: lvl 8
(31:41 / Allies) dirtmcwordUP: ill work my way around
(31:50 / Allies) dirtmcwordUP: they got shades prob.
(31:56 / All) nig.hoe: biatch
(31:56 / Allies) Mata.: stop greeding on that sh please
(32:00 / Allies) bliNn: whuh
(32:02 / Allies) bliNn: he should have died
(32:08 / Allies) bliNn: this game is not balanced
(32:18 / Allies) Mata.: got him for ya
(32:21 / Allies) bliNn: ty
(32:22 / Allies) Mata.: but you gave that tc 6
(32:24 / Allies) Mata.: not buen
(32:25 / Allies) bliNn: fuck
(32:37 / Allies) bliNn: here come bats
(32:49 / Allies) dirtmcwordUP: hope this works.
(32:58 / Allies) bliNn: man that was stupid
(33:00 / Allies) bliNn: they just threw away game
(33:26 / Allies) Mata.: go up and assassinate that tc
(33:33 / Allies) Mata.: or he's gona be a bitch to kill
(33:43 / Allies) dirtmcwordUP: where is he
(33:51 / Allies) dirtmcwordUP: lmfao
(33:52 / Allies) Mata.: dunno what you doin
(33:57 / Allies) bliNn: ah fuck that
(34:00 / Allies) bliNn: i hate fiends so much serious
(34:54 / Allies) dirtmcwordUP: god dman.
(35:16 / Allies) dirtmcwordUP: gold for warden please
(35:35 / Allies) Mata.: blinn your gold guy from now on
(35:52 / Allies) Mata.: yeah go for the tc obv
(35:53 / Allies) dirtmcwordUP: worst
(35:54 / Allies) dirtmcwordUP: fucking
(35:55 / Allies) dirtmcwordUP: bladestorm
(35:56 / Allies) dirtmcwordUP: ever
(35:57 / Allies) Mata.: what is it with you and shitty storms
(36:01 / Allies) bliNn: my trademark
(36:08 / Allies) bliNn: guy doesn't respond ever
(36:33 / Allies) Mata.: he's going for death and decay
(36:40 / Allies) dirtmcwordUP: i breaka even soon
(37:12 / Allies) bliNn: get magic sentry
(37:12 / Allies) Mata.: dont waste wisp
(37:17 / Allies) Mata.: you're giving him death and decay for no reason
(37:20 / Allies) Mata.: atleast make him work for it
(37:34 / Allies) dirtmcwordUP: you killing all trees
(37:35 / Allies) dirtmcwordUP: gotta move on
(37:43 / Allies) Mata.: well i need lumber to repair
(37:51 / Allies) bliNn: get arcane sntry pls
(37:53 / Allies) Mata.: they're not going to stop killing my towers ever
(38:24 / Allies) dirtmcwordUP: only 320g
(38:27 / Allies) dirtmcwordUP: not worf it
(38:30 / Allies) bliNn: ah didn't check
(38:35 / Allies) Mata.: my base is gone
(38:38 / Allies) Mata.: getting a paladin then bailing
(38:51 / Allies) bliNn: should i even tower up
(38:55 / Allies) bliNn: obsidian statues + shockwave
(38:59 / Allies) Mata.: should win maybe
(39:16 / Allies) Mata.: using your air i guesss
(39:20 / Allies) bliNn: feel free
(39:29 / Allies) Mata.: getting some breaker
(39:34 / Allies) bliNn: so should i keep towering
(39:35 / Allies) bliNn: y/n
(39:54 / Allies) bliNn: we need to harass top a lot more also
(39:57 / Allies) dirtmcwordUP: gonna work on top
(39:58 / Allies) dirtmcwordUP: yeah
(40:01 / Allies) dirtmcwordUP: as soon as these chimbo come
(40:08 / Allies) dirtmcwordUP: need 1 more
(40:09 / Allies) bliNn: i'll go harass purp's main for fun
(40:47 / Allies) Mata.: sending some quick air
(40:48 / Allies) dirtmcwordUP: can you get with blade or w/e
(40:54 / Allies) Mata.: hmm
(41:00 / Allies) bliNn: i'll come in a sec
(41:11 / Allies) dirtmcwordUP: buying 2nd tp and going in
(41:32 / Allies) Mata.: i'd show up with mad mort
(41:33 / Allies) Mata.: but
(41:35 / Allies) Mata.: only 1 tp now
(41:38 / Allies) Mata.: and you got
(41:45 / Allies) bliNn: go harass top when you wanna
(41:50 / Allies) bliNn: he has towers now
(42:16 / Allies) bliNn: batt thatt
(42:29 / Allies) Mata.: ?
(42:31 / Allies) bliNn: oh fuck
(42:33 / Allies) Mata.: i dont get you sometimes
(42:39 / Allies) bliNn: was focusing on my bats
(43:23 / Allies) dirtmcwordUP: hitting tip top
(43:28 / Allies) Mata.: gogo
(43:40 / Allies) dirtmcwordUP: sigh
(43:56 / Allies) bliNn: that ain't a thing but a chicken wing with chim though right
(44:04 / Allies) Mata.: they're following you
(44:11 / Allies) bliNn: aye tag team
(44:13 / Allies) bliNn: top expos
(44:15 / Allies) bliNn: hit blue then pink
(44:28 / Allies) bliNn: bats comin up
(44:30 / Allies) bliNn: tp
(44:42 / Allies) Mata.: a ring of chim
(45:05 / Allies) dirtmcwordUP: can either of you hit 1
(45:07 / Allies) dirtmcwordUP: as i hit other
(45:12 / Allies) dirtmcwordUP: we need setry
(45:15 / Allies) dirtmcwordUP: shades killing us
(45:19 / Allies) bliNn: said this 5 times
(45:20 / Allies) bliNn: approx
(45:21 / Allies) Mata.: teching
(45:37 / Allies) dirtmcwordUP: can you hit purple
(45:40 / Allies) dirtmcwordUP: ill hit top
(45:49 / Allies) dirtmcwordUP: dont really work if only 1 hitting
(45:50 / Allies) bliNn: don't have anything good to hit wit
(45:56 / Allies) bliNn: i'll bring my bats and hit blue
(45:58 / Allies) dirtmcwordUP: 12k gold almost
(46:16 / Allies) dirtmcwordUP: ok ill hit purple then
(46:43 / Allies) dirtmcwordUP: going
(46:47 / Allies) Mata.: what a cancel
(47:07 / Allies) dirtmcwordUP: keep him busy
(47:10 / Allies) dirtmcwordUP: m
(47:13 / Allies) dirtmcwordUP: nm
(47:17 / Allies) dirtmcwordUP: hit top please
(47:19 / Allies) dirtmcwordUP: blue down here
(47:43 / Allies) dirtmcwordUP: keep blue busy
(47:46 / Allies) dirtmcwordUP: go from base to base
(48:34 / Allies) dirtmcwordUP: thanks for bringing them to me
(48:41 / Allies) Mata.: no idea what you're talking about
(48:48 / Allies) bliNn: i was trying to keep blue busy
(48:50 / Allies) bliNn: had to use my bats
(48:59 / Allies) dirtmcwordUP: was talking to mata
(49:00 / Allies) bliNn: when i run out of gold i'll go 80 food bats
(49:07 / Allies) Mata.: they were all chasing me
(49:13 / Allies) dirtmcwordUP: so you bring them to me
(49:18 / Allies) Mata.: why did you run to me
(49:22 / Allies) Mata.: and what were you doing down there
(49:25 / Allies) dirtmcwordUP: well
(49:26 / Allies) bliNn: keep tabs on this
(49:28 / Allies) dirtmcwordUP: blue tp up top
(49:36 / Allies) dirtmcwordUP: so i was going around killing stuff on bottom
(50:12 / Allies) dirtmcwordUP: hitting poiple again
(50:18 / Allies) dirtmcwordUP: nah fuck it
(50:19 / Allies) dirtmcwordUP: blue main
(50:22 / Allies) dirtmcwordUP: purple got too many tower
(50:33 / Allies) bliNn: arggh
(50:36 / Allies) dirtmcwordUP: hmmm let me run into shade
(50:37 / Allies) dirtmcwordUP: yes
(50:43 / Allies) bliNn: like 8 nukes
(50:45 / Allies) bliNn: shut up
(51:08 / Allies) bliNn: storm/light DK?
(51:44 / Allies) Mata.: jeez
(51:47 / Allies) Mata.: tey lost a lot of their armies
(51:48 / Allies) Mata.: so did i
(51:55 / Allies) dirtmcwordUP: lost a lot of they base too
(52:00 / Allies) Mata.: good
(52:04 / Allies) Mata.: can you perma-out pink?
(52:07 / Allies) Mata.: i wasted his heroes
(52:21 / All) dirtmcwordUP: gg
(52:24 / Allies) Mata.: can't touch blues shit tho
(52:28 / All) nig.hoe: gg you must feel honnored
(52:58 / Allies) Mata.: got dk